 Dungeon Crawl Stone Soup version 0.28-a0-1365-g7e0445c96d (webtiles) character file.

Game seed: 14788586274387817809

1302 Conn the Sneak (level 8, -2/48 HPs)
             Began as an Octopode Fire Elementalist on Dec 31, 2021.
             Was an Initiate of Sif Muna.
             Slain by a centaur (5 damage)
             ... on level 6 of the Dungeon.
             The game lasted 00:13:29 (6623 turns).

Conn the Sneak (Octopode Fire Elementalist)         Turns: 6623, Time: 00:13:30

Health: -2/48      AC:  1    Str:  6 (7)  XL:     8   Next: 57%
Magic:  9/15       EV: 13    Int: 18 (19) God:    Sif Muna [......]
Gold:   283        SH:  0    Dex: 11 (13) Spells: 10/17 levels left

rFire   . . .      SeeInvis .   v - +0 dagger (venom)
rCold   . . .      Faith    .   (no shield)
rNeg    . . .      Spirit   .   (helmet restricted)
rPois   .          Reflect  .   (no amulet)
rElec   .          Harm     .   C - ring of resist corrosion
rCorr   +          Rampage  .   (no ring)
Will    .....                   (no ring)
Stlth   ++++......              (no ring)
HPRegen 0.16/turn               (no ring)
MPRegen 0.14/turn               (no ring)
                                (no ring)
                                (no ring)

@: brilliant
A: almost no armour, amphibious, 8 rings, camouflage 1, gelatinous body 1,
(nimble swimmer 1), tentacles
a: Renounce Religion


You were on level 6 of the Dungeon.
You worshipped Sif Muna.
Sif Muna was noncommittal.
You visited 1 branch of the dungeon, and saw 6 of its levels.
You also visited: Sewer.

You collected 283 gold pieces.

Inventory:

Hand Weapons
 g - a +0 rapier
 v - a +0 dagger of venom (weapon)
Missiles
 j - 9 curare-tipped darts
 t - 21 poisoned darts
Armour
 e - a +0 buckler
Jewellery
 h - a ring of ice
 C - a ring of resist corrosion (left tentacle)
Wands
 y - a wand of mindburst (18)
 A - a wand of iceblast (6)
Scrolls
 b - a scroll of holy word {unknown}
 f - a scroll of silence {unknown}
 i - 6 scrolls of identify {unknown}
 k - a scroll of enchant weapon {unknown}
 l - 2 scrolls of enchant armour {unknown}
 m - a scroll of summoning {unknown}
 p - 3 scrolls of brand weapon {unknown}
 q - 2 scrolls of vulnerability {unknown}
 r - 2 scrolls of magic mapping {unknown}
 w - 2 scrolls of immolation {unknown}
 B - 2 scrolls of blinking {unknown}
 D - a scroll of teleportation {unknown}
Potions
 c - 2 potions of degeneration
 d - 2 potions of attraction {unknown}
 n - 2 potions of haste {unknown}
 o - 2 potions of brilliance
 s - 2 potions of heal wounds {unknown}
 u - 2 potions of flight
 x - a potion of lignification {unknown}
 z - a potion of might {unknown}


   Skills:
 + Level 1.3 Fighting
 + Level 2.9 Short Blades
 + Level 3.2 Dodging
 + Level 5.6 Stealth
 + Level 5.1 Spellcasting
 + Level 4.0 Conjurations
 + Level 1.4 Hexes
 + Level 5.5 Fire Magic


You had 10 spell levels left.
You knew the following spells:

 Your Spells              Type           Power      Damage    Failure   Level
a - Foxfire               Conj/Fire      100%       2x1d9     1%          1
b - Conjure Flame         Conj/Fire      32%        6-21      5%          3
c - Inner Flame           Hex/Fire       25%        N/A       10%         3

Your spell library contained the following spells:

 Spells                   Type           Power      Damage    Failure   Level
 Scorch                   Fire           72%        2d8       1%          2
 Flame Wave               Conj/Fire      32%        2d7       19%         4
 Corpse Rot               Necr/Air       12%        N/A       21%         2
 Poisonous Vapours        Pois/Air       12%        N/A       21%         2


Dungeon Overview and Level Annotations

Branches:
Dungeon (6/15)              Sewer (visited)
 Temple: D:4-7

Altars:
Ashenzari
Dithmenos
Elyvilon
Hepliaklqana
Qazlal
Ru
Sif Muna
Vehumet
Wu Jian
The Shining One

Shops:
D:1 :   D:2 !


Innate Abilities, Weirdness & Mutations

You cannot wear most types of armour.
You are amphibious.
You can wear up to eight rings at the same time.
Your skin changes colour to match your surroundings (Stealth+).
Your rubbery body absorbs attacks. (AC +1, EV +1)
((You are camouflaged when in or above water. (Stealth+)))
You have tentacles for arms and can constrict up to eight enemies at once.


Message History

The centaur is moderately wounded.
Your foxfire dissipates!
Casting: Foxfire (safe; 1% risk of failure)
Confirm with . or Enter, or press ? or * to list all spells.
You conjure some foxfire!
The foxfire hits the centaur.
The centaur is heavily wounded.
The foxfire hits the centaur.
The centaur is heavily wounded.
The centaur shoots an arrow.
The arrow hits you!
The centaur shoots an arrow.
The arrow hits you!
* * * LOW HITPOINT WARNING * * *
Casting: Foxfire (safe; 1% risk of failure)
Confirm with . or Enter, or press ? or * to list all spells.
You conjure some foxfire!
The foxfire hits the bullfrog.
The bullfrog is lightly wounded.
The foxfire hits the bullfrog.
The bullfrog is lightly wounded.
Unknown command.
It was a potion of brilliance.
You feel clever all of a sudden.
The foxfire hits the bullfrog.
The bullfrog is lightly wounded.
The foxfire hits the bullfrog.
The bullfrog is moderately wounded.
The bullfrog hits you but does no damage.
The centaur unwields a +0 shortbow.
The centaur hits you.
* * * LOW HITPOINT WARNING * * *
The centaur closely misses you. The bullfrog hits you.
* * * LOW HITPOINT WARNING * * *
Okay, then.
Okay, then.
Casting: Foxfire (safe; 1% risk of failure)
Confirm with . or Enter, or press ? or * to list all spells.
Okay, then.
Unknown command.
Unknown command.
You feel better. The bullfrog hits you.
* * * LOW HITPOINT WARNING * * *
The centaur hits you.
You die...

#####.....###.....#
#.....##...#### .#
#......#...# .##
#....†.....# .)..
####..........## .....
#..............###.....
##.....###....#.........
.......# #....#§.c......
....#### #.....#@F......
....# #####.#.###.###
##### ########.#..
#........##.# #........#
.# #.......## ..
......... .. ).####'#..
... . #. ...


You could see a bullfrog and a centaur.

Vanquished Creatures
  An ice beast (D:6)
  An orc warrior (D:6)
  A sky beast (D:6)
  An ogre (D:5)
  A centaur (D:5)
  A phantom (D:5)
  A kobold brigand (Sewer)
  4 wights (D:5)
  2 jellies
  An orc priest (D:6)
  A bullfrog skeleton (D:5)
  An orc wizard (D:6)
  Natasha (thrice) (D:3)
  4 iguanas
  3 river rats (Sewer)
  8 adders
  3 gnolls
  2 ufetubi
  3 dart slugs
  9 orcs
  8 ball pythons
  4 bats
  8 endoplasms
  10 giant cockroaches
  5 goblins
  6 hobgoblins
  5 jackals
  3 quokkas (D:3)
  3 frilled lizards
  10 kobolds
  9 rats
122 creatures vanquished.

Vanquished Creatures (others)
  338 foxfires
338 creatures vanquished.

Grand Total: 460 creatures vanquished

Notes
Turn   | Place    | Note
-------+----------+-------------------------------------------
     0 | D:1      | Conn the Octopode Fire Elementalist began the quest for the
                  | Orb.
     0 | D:1      | Reached XP level 1. HP: 11/11 MP: 3/3
    41 | D:1      | Found Vuerph's Book Shop.
   120 | D:1      | Reached XP level 2. HP: 17/17 MP: 0/5
   400 | D:1      | Found a faded altar of an unknown god.
   731 | D:2      | Reached XP level 3. HP: 14/21 MP: 0/6
  1019 | D:2      | Found Toeseite's Distillery.
  1719 | D:2      | Reached skill level 1 in Short Blades
  1719 | D:2      | Reached XP level 4. HP: 27/27 MP: 7/7
  1788 | D:2      | Learned a level 3 spell: Conjure Flame
  1792 | D:2      | Learned a level 3 spell: Inner Flame
  2197 | D:3      | Noticed Natasha
  2209 | D:3      | Killed Natasha
  2210 | D:3      | Reached skill level 1 in Hexes
  2210 | D:3      | Reached XP level 5. HP: 20/31 MP: 8/8
  2338 | D:3      | Found a sacrificial altar of Ru.
  2563 | D:3      | Noticed Natasha
  2570 | D:3      | Killed Natasha
  2643 | D:3      | Noticed Natasha
  2650 | D:3      | Killed Natasha
  3483 | D:4      | Found a glowing drain.
  3490 | D:4      | Reached XP level 6. HP: 34/36 MP: 7/10
  3507 | Sewer    | Entered a sewer
  3864 | Sewer    | Found a white marble altar of Elyvilon.
  3989 | D:4      | Identified the +1 leather armour of Purpose {rElec}
  4415 | D:5      | Entered Level 5 of the Dungeon
  4524 | D:5      | Reached XP level 7. HP: 24/42 MP: 8/12
  4671 | D:5      | Reached skill level 5 in Stealth
  4785 | D:5      | Found a radiant altar of Vehumet.
  4786 | D:5      | Found a glowing golden altar of the Shining One.
  4790 | D:5      | Found an ornate altar of the Wu Jian Council.
  4792 | D:5      | Found a hazy altar of Hepliaklqana.
  4794 | D:5      | Found a white marble altar of Elyvilon.
  4796 | D:5      | Found a shimmering blue altar of Sif Muna.
  4797 | D:5      | Found a stormy altar of Qazlal.
  4800 | D:5      | Found a shadowy altar of Dithmenos.
  4802 | D:5      | Found a broken altar of Ashenzari.
  4803 | D:5      | Became a worshipper of Sif Muna the Loreminder
  5169 | D:5      | Reached skill level 1 in Fighting
  5516 | D:5      | Reached XP level 8. HP: 48/48 MP: 14/14
  5667 | D:6      | Reached skill level 5 in Fire Magic
  6134 | D:6      | Reached skill level 5 in Spellcasting
  6135 | D:6      | HP: 2/48 [something/magic dart (11)]
  6622 | D:6      | HP: 2/48 [bullfrog (6)]
  6623 | D:6      | Slain by a centaur

Illustrated notes

Levels and vault maps discovered:
D:1:      minmay_arrival_cross, layout_basic, shapermc_ecumenical_altar_pompeii,
          serial_shops, shop, item_on_display_a
D:2:      layout_loops_ring, serial_rivers, chequers_serial_rivers_room_b,
          chequers_serial_rivers_small_3, chequers_serial_rivers_micro_c,
          chequers_serial_rivers_small_a, chequers_serial_rivers_marsh,
          serial_shops, nicolae_shop_behind_doors
D:3:      layout_loops_cross, nicolae_ru_awakened_eye, minmay_curled_crystal,
          uniq_natasha
D:4:      layout_basic, portal_sewer_entry_b
D:5:      layout_loops_ring, nicolae_overflow_hallway_of_the_gods
D:6:      layout_basic

Skill      XL: |  1  2  3  4  5  6  7  8 |
---------------+-------------------------+-----
Stealth        | 3 4 5 |  5.6
Short Blades   | 1 2 |  2.9
Fire Magic     | 4 5 |  5.5
Hexes          | 1 |  1.4
Spellcasting   | 3 4 5 |  5.1
Conjurations   | 2 3 4 |  4.0
Fighting       | 1 |  1.3
Dodging        | 3 |  3.2

Action                   |  1- 3 |  4- 6 |  7- 9 || total
-------------------------+-------+-------+-------++-------
Melee: Rapier            |    17 |    56 |       ||    73
       Constrict         |     2 |    16 |     5 ||    23
       Tentacles         |     2 |    13 |     3 ||    18
       Dagger            |       |    15 |    20 ||    35
 Cast: Foxfire           |    52 |    74 |    72 ||   198
       Inner Flame       |       |     1 |     2 ||     3
       Conjure Flame     |       |     1 |     2 ||     3
  Use: Potion            |       |       |     5 ||     5
 Stab: Sleeping          |     4 |    15 |     2 ||    21
Armor: Skin              |     4 |       |     1 ||     5
Dodge: Dodged            |    28 |    54 |    20 ||   102

Table legend: (Time is in decaauts)
 A = Elapsed time spent in this place.
 B = Non-inter-level travel time spent in this place.
 C = Inter-level travel time spent in this place.
 D = Time resting spent in this place.
 E = Time spent auto-exploring this place.
 F = Levels seen in this place.
 G = Mean time per level.
                   A        B        C        D        E       F      G
               +--------+--------+--------+--------+--------+-----+--------+
         Total |   6628 |   6517 |    111 |    502 |   4602 |   7 |  946.9 |
       Dungeon |   6227 |   6116 |    111 |    502 |   4326 |   6 | 1037.8 |
         Sewer |    400 |    400 |      0 |      0 |    276 |   1 |  400.0 |
               +--------+--------+--------+--------+--------+-----+--------+

Top non-repeatable levels by time:
     D:3: 1419 daAuts
     D:5: 1391 daAuts
     D:2: 983 daAuts
     D:1: 828 daAuts
     D:6: 813 daAuts
     D:4: 792 daAuts
   Sewer: 400 daAuts
